 Dungeon Sprint DCSS version 0.21-a0-243-g597973d (webtiles) character file.

29 Kidiri the Magician (level 3, -3/19 HPs)
             Began as a Deep Elf Fire Elementalist on Sept 4, 2017.
             Was a Believer of Vehumet.
             Slain by a fire bat (6 damage)
             ... in the Dungeon (Sprint VII: "The Pits").
             The game lasted 00:02:22 (367 turns).

Kidiri the Magician (Deep Elf Fire Elementalist)     Turns: 367, Time: 00:02:23

Health: -3/19      AC:  2    Str:  5    XL:     3   Next: 1%
Magic:  8/12       EV: 13    Int: 20    God:    Vehumet [**....]
Gold:   0          SH:  0    Dex: 15    Spells: 3/14 levels left

rFire    . . .     SeeInvis .   q - +1 dagger (drain)
rCold    . . .     Gourm    .   (no shield)
rNeg     . . .     Faith    .   a - +0 robe
rPois    .         Spirit   .   (no helmet)
rElec    .         Reflect  .   (no cloak)
rCorr    .         Harm     .   (no gloves)
MR       .....     NoTele   +   (no boots)
Stlth    ++........             (no amulet)
HPRegen  0.06/turn              (no ring)
MPRegen  0.13/turn              (no ring)

@: no status effects
A: no striking features
a: Renounce Religion


You were in the Dungeon.
You worshipped Vehumet.
Vehumet was pleased with you.
You were not hungry.

You visited 1 branch

Inventory:

Hand Weapons
 q - a +1 dagger of draining (weapon)
Armour
 a - a +0 robe (worn)
Scrolls
 i - a scroll of blinking
 k - 3 scrolls of remove curse
 l - 5 scrolls of amnesia
 m - a scroll of summoning
Potions
 e - 6 potions of heal wounds
 f - a potion of haste
 g - 4 potions of magic
 h - 3 potions of berserk rage
 j - 2 potions of invisibility
 p - 5 potions of curing
Books
 b - a book of Flames

   Spells                             Type                      Level
   a - Flame Tongue                   Conjuration/Fire             1
   b - Throw Flame                    Conjuration/Fire             2
   c - Conjure Flame                  Conjuration/Fire             3
   d - Inner Flame                    Hexes/Fire                   3
   e - Sticky Flame                   Conjuration/Fire             4
   f - Fireball                       Conjuration/Fire             5
Comestibles
 c - 8 bread rations
 d - 4 chunks of flesh
 n - 40 fruits
 o - 7 meat rations


   Skills:
 - Level 2.4 Dodging
 - Level 2.4 Stealth
 * Level 6.2 Spellcasting
 + Level 3.4 Conjurations
 + Level 4.6 Fire Magic


You had 3 spell levels left.
You knew the following spells:

 Your Spells              Type           Power        Failure   Level  Hunger
a - Flame Tongue          Conj/Fire      ###..        1%          1    None
b - Throw Flame           Conj/Fire      ###...       3%          2    None
c - Conjure Flame         Conj/Fire      ###.....     6%          3    ##.....
d - Inner Flame           Hex/Fire       ###.....     12%         3    ##.....
g - Shock                 Conj/Air       ##..         4%          1    None
h - Sting                 Conj/Pois      ##..         4%          1    None


Dungeon Overview and Level Annotations

Branches:
Dungeon (1/1)

Altars:
Ashenzari
Cheibriados
Dithmenos
Elyvilon
Fedhas
Gozag
Hepliaklqana
Kikubaaqudgha
Makhleb
Nemelex Xobeh
Okawaru
Qazlal
Ru
Sif Muna
Trog
Uskayaw
Vehumet
Wu Jian
Xom
Yredelemnul
Zin
The Shining One
Beogh
Jiyva
Lugonu


Message History

Press: ? - help, Dir - move target cursor The fire ignites!
A fire bat comes into view.
Unknown command.
Unknown command.
The fire bat bites you.
You are engulfed in flames!
Unknown command.
Casting: Conjure Flame
Confirm with . or Enter, or press ? or * to list all spells.
Aiming: Shock
Press: ? - help, Shift-Dir - straight line, f - fire bat
Aim: a fire bat (flame)
The zap misses the fire bat.
The zap hits the ooze.
The ooze is heavily wounded.
The zap hits the warg.
The warg is lightly wounded.
The fire bat bites you.
* * * LOW HITPOINT WARNING * * *
You are engulfed in flames.
You die...

#'#####+#####.....
#.#..#...+.##.....
#.#..#...#.#####+#
#.#..#####.##.....
#.#..+...#)##.....
#.#..+.%.+.##.....
#.#..########...<.
#.#.รท+[))).##.....
#@#..#[))).##.....
#b###########.....
#J.Z..g.# ######
#h.#.#..# #.## #
#.. #.# #.. #..


You could see a warg, a fire bat and an ooze.

Vanquished Creatures
  A river rat (D)
  An ufetubus (D)
  An adder skeleton (D)
  2 leopard geckos (D)
  2 orcs (D)
  A bat zombie (D)
  A frilled lizard (D)
9 creatures vanquished.

Notes
Turn   | Place    | Note
-------+----------+-------------------------------------------
     0 | D        | Kidiri the Deep Elf Fire Elementalist began the quest for the Orb.
     0 | D        | Reached XP level 1. HP: 10/10 MP: 6/6
    49 | D        | Found a bloodstained altar of Trog.
    49 | D        | Found a deep blue altar of Sif Muna.
    49 | D        | Found a viscous altar of Jiyva.
    49 | D        | Found a hazy altar of Hepliaklqana.
    49 | D        | Found an opulent altar of Gozag.
    50 | D        | Found a glowing golden altar of the Shining One.
    50 | D        | Found a glowing silver altar of Zin.
    50 | D        | Found a basalt altar of Yredelemnul.
    50 | D        | Found a shimmering altar of Xom.
    50 | D        | Found an ornate altar of the Wu Jian Council.
    50 | D        | Found a sacrificial altar of Ru.
    50 | D        | Found a stormy altar of Qazlal.
    50 | D        | Found an iron altar of Okawaru.
    50 | D        | Found a sparkling altar of Nemelex Xobeh.
    50 | D        | Found a burning altar of Makhleb.
    50 | D        | Found a blossoming altar of Fedhas.
    50 | D        | Found a white marble altar of Elyvilon.
    50 | D        | Found a shadowy altar of Dithmenos.
    50 | D        | Found a snail-covered altar of Cheibriados.
    52 | D        | Found a radiant altar of Vehumet.
    52 | D        | Found a corrupted altar of Lugonu.
    52 | D        | Found a roughly hewn altar of Beogh.
    53 | D        | Found a hide-covered altar of Uskayaw.
    53 | D        | Found an ancient bone altar of Kikubaaqudgha.
    53 | D        | Found a shattered altar of Ashenzari.
    60 | D        | Became a worshipper of Vehumet
    79 | D        | Reached skill level 4 in Spellcasting
   147 | D        | Reached * piety under Vehumet
   147 | D        | Offered knowledge of Shock by Vehumet.
   147 | D        | Reached XP level 2. HP: 12/15 MP: 6/9
   148 | D        | Reached skill level 5 in Spellcasting
   152 | D        | Learned a level 2 spell: Throw Flame
   201 | D        | Learned a level 1 spell: Shock
   211 | D        | Reached ** piety under Vehumet
   211 | D        | Offered knowledge of Sting by Vehumet.
   211 | D        | Reached skill level 6 in Spellcasting
   214 | D        | Learned a level 1 spell: Sting
   289 | D        | Reached XP level 3. HP: 19/19 MP: 10/12
   294 | D        | Learned a level 3 spell: Conjure Flame
   298 | D        | Learned a level 3 spell: Inner Flame
   361 | D        | Noticed a warg
   365 | D        | Noticed a fire bat
   367 | D        | Slain by a fire bat

Vault maps used:
D:        pitsprint

Skill      XL: |  1  2 |
---------------+-------+-----
Spellcasting   | 4 6 |  6.2
Conjurations   | 2 3 |  3.4
Fire Magic     | 4 |  4.6
Dodging        | |  2.4
Stealth        | |  2.4

Action                   || total
-------------------------++-------
Melee: Dagger            ||     1
 Cast: Flame Tongue      ||    18
       Throw Flame       ||     1
       Conjure Flame     ||     1
       Shock             ||     1
  Use: Potion            ||     1
 Stab: Sleeping          ||     1
Armor: Robe              ||     7
Dodge: Dodged            ||     8

Table legend:
 A = Spawn XP
 B = Non-spawn XP
 C = Spawn XP percentage of total XP
 D = Spawn monster count
 E = Non-spawn monster count
 F = Spawn count percentage of total count
 G = Total turns spent on level
                    A         B        C        D         E        F      G
               +---------+---------+-------+---------+---------+-------+---------
         Total |       0 |      42 |   0.0 |       0 |       9 |   0.0 |   367
               +---------+---------+-------+---------+---------+-------+---------
             D |       0 |      42 |   0.0 |       0 |       9 |   0.0 |   367
               +---------+---------+-------+---------+---------+-------+---------
